 Dungeon Crawl Stone Soup version 0.29-a0-409-gd843f3a48c (webtiles) character file.

Game seed: 11062669361415760082

219094 Majang the Warrior (level 19, -14/130 HPs)
             Began as a Kobold Delver on May 12, 2022.
             Was the Champion of Dithmenos.
             Killed from afar by a merfolk aquamancer (35 damage)
             ... with a shard of ice
             ... on level 4 of the Shoals on May 13, 2022.
             The game lasted 03:30:16 (53617 turns).

Majang the Warrior (Kobold Delver)                 Turns: 53617, Time: 03:30:17

Health: -14/130    AC: 15    Str: 14    XL:     19   Next: 88%
Magic:  8/26       EV: 31    Int: 14    God:    Dithmenos [******]
Gold:   691        SH: 10    Dex: 24    Spells: 18/18 levels left

rFire   + + .      SeeInvis +   a - +7 Spriggan's Knife {stab, EV+4 Stlth+}
rCold   . . .      Faith    .   M - +2 buckler
rNeg    + . .      Spirit   .   i - +1 robe of Vines {NoPotionHeal Regen++++}
rPois   +          Reflect  .   Y - +2 helmet {Int+3}
rElec   .          Harm     .   n - scarf {shadows}
rCorr   .          Rampage  .   J - +3 Mad Mage's Maulers {Infuse+∞ RegenMP Int-3}
Will    ++++.      Clarity  +   w - +4 pair of boots of Wisemium {rF++ rC- Str+4} Stlth ********++
                                O - amulet of the Four Winds {rN+ Will+++ Clar}
HPRegen 3.51/turn               j - ring of see invisible
MPRegen 0.60/turn               H - ring of Tagutiwn {rPois rC+ Int+3}

@: attractive, wreathed by umbra
A: small, no large weapons, nightstalker 3
}: 1/15 runes: serpentine
a: Renounce Religion, Shadow Step, Shadow Form


You were on level 4 of the Shoals.
You worshipped Dithmenos.
Dithmenos was exalted by your worship.
You visited 6 branches of the dungeon, and saw 32 of its levels.
You visited 2 bazaars.
You also visited: Bailey.

You collected 3559 gold pieces.
You spent 2868 gold pieces at shops.

Inventory:

Hand Weapons
 a - the +7 Spriggan's Knife (weapon) {stab, EV+4 Stlth+}
   (You bought it in a shop on level 2 of the Orcish Mines)

   It is more effective when stabbing unaware enemies, treating them as though
   they were completely helpless.
   EV:        It affects your evasion (+4).
   Stlth:     It makes you more stealthy.
 b - a +3 scimitar of flaming
Armour
 i - the +1 robe of Vines (worn) {NoPotionHeal Regen++++}
   (You found it on level 9 of the Dungeon)

   Its wearer cannot be healed by potions.
   Regen:     It increases your rate of health regeneration.
 n - a scarf of shadows (worn)
 s - the +2 hat of Adostein {rC- rN+ Dex+4}
   (You bought it in a shop in a bazaar)

   Dex:       It affects your dexterity (+4).
   rC:        It makes you vulnerable to cold.
   rN:        It protects you from negative energy.
 w - the +4 pair of boots of Wisemium (worn) {rF++ rC- Str+4}
   (You bought it in a shop on level 6 of the Dungeon)

   Str:       It affects your strength (+4).
   rF:        It greatly protects you from fire.
   rC:        It makes you vulnerable to cold.
 J - the +3 Mad Mage's Maulers (worn) {Infuse+∞ RegenMP Int-3}
   (You found it in a bailey)

   It empowers its wearer's blows with all of their magic.
   It causes its wearer's magical reserves to regenerate more quickly.
   Int:       It affects your intelligence (-3).
 M - a +2 buckler (worn)
 Y - a +2 helmet of intelligence (worn)
Jewellery
 j - a ring of see invisible (left hand)
 p - an amulet of regeneration
 B - a ring of protection from cold
 H - the ring of Tagutiwn (right hand) {rPois rC+ Int+3}
   (You found it in a bailey)

   [ring of protection from cold]

   Int:       It affects your intelligence (+3).
   rC:        It protects you from cold.
   rPois:     It protects you from poison.
 I - a ring of resist corrosion
 O - the amulet of the Four Winds (around neck) {rN+ Will+++ Clar}
   (You found it on level 2 of the Lair of Beasts)

   [amulet of nothing]

   rN:        It protects you from negative energy.
   Clar:      It protects you against confusion.
   Will:      It greatly increases your willpower.
 W - a +6 ring of dexterity
Wands
 f - a wand of acid (6)
 g - a wand of digging (15)
 q - a wand of charming (11)
 v - a wand of flame (48)
 C - a wand of paralysis (2)
 N - a wand of iceblast (19)
 Q - a wand of mindburst (8)
 Z - a wand of polymorph (3)
Scrolls
 d - a scroll of silence
 e - 5 scrolls of fear
 l - a scroll of torment
 t - 4 scrolls of immolation
 x - 5 scrolls of fog
 y - 2 scrolls of enchant armour
 z - 10 scrolls of teleportation
 A - 5 scrolls of blinking
 E - 2 scrolls of identify
 G - 4 scrolls of magic mapping
 L - 3 scrolls of enchant weapon
 S - 3 scrolls of summoning
Potions
 c - 5 potions of lignification
 h - 5 potions of haste
 k - 6 potions of flight
 m - 2 potions of might
 o - 17 potions of curing
 r - 8 potions of heal wounds
 u - 4 potions of mutation
 F - 3 potions of cancellation
 K - 4 potions of ambrosia
 P - a potion of attraction
 T - 2 potions of resistance
 U - a potion of magic {unknown}
 V - a potion of invisibility {unknown}
Miscellaneous
 D - a lightning rod (4/4)
 R - a piece from Xom's chessboard (15/15)
 X - a condenser vane


   Skills:
 * Level 18.2 Fighting
 - Level 16.6(19.9) Short Blades
 * Level 12.1(13.8) Long Blades
 + Level 14.0 Dodging
 + Level 17.5 Stealth
 + Level 8.5 Shields
 - Level 10.0 Invocations
 + Level 13.7 Evocations


You had 18 spell levels left.
You didn't know any spells.
Your spell library contained the following spells:

 Spells                   Type           Power      Damage    Failure   Level
 Beastly Appendage        Tmut           0%         N/A       36%         1
 Magic Dart               Conj           0%         1d3       36%         1
 Shock                    Conj/Air       0%         1d3       36%         1
 Sting                    Tmut/Pois      0%         1d3       36%         1
 Blink                    Tloc           0%         N/A       52%         2
 Call Imp                 Summ           0%         N/A       52%         2
 Corpse Rot               Necr/Air       0%         N/A       52%         2
 Ensorcelled Hibernation  Hex/Ice        0%         N/A       52%         2
 Passwall                 Tmut/Erth      0%         N/A       52%         2
 Poisonous Vapours        Pois/Air       0%         N/A       52%         2
 Scorch                   Fire           0%         2d5       52%         2
 Static Discharge         Conj/Air       0%         N/A       52%         2
 Sublimation of Blood     Necr           0%         N/A       52%         2
 Dazzling Flash           Conj/Hex       0%         N/A       75%         3
 Ignite Poison            Fire/Tmut/Pois 0%         N/A       75%         3
 Mephitic Cloud           Conj/Pois/Air  0%         N/A       75%         3
 Ozocubu's Armour         Ice            0%         N/A       75%         3
 Spider Form              Tmut/Pois      0%         N/A       75%         3
 Swiftness                Air            0%         N/A       75%         3
 Tukima's Dance           Hex            0%         N/A       75%         3
 Airstrike                Air            0%         N/A       98%         4
 Anguish                  Hex/Necr       0%         N/A       98%         4
 Animate Dead             Necr           0%         N/A       98%         4
 Flame Wave               Conj/Fire      0%         2d4       98%         4
 Fulminant Prism          Conj/Hex       0%         3d6       98%         4
 Leda's Liquefaction      Hex/Erth       0%         N/A       98%         4
 Olgreb's Toxic Radiance  Pois           0%         N/A       98%         4
 Passage of Golubria      Tloc           0%         N/A       98%         4
 Petrify                  Tmut/Erth      0%         N/A       98%         4
 Agony                    Necr           0%         N/A       100%        5
 Borgnjor's Vile Clutch   Necr/Erth      0%         N/A       100%        5
 Fireball                 Conj/Fire      0%         3d3       100%        5
 Irradiate                Conj/Tmut      0%         3d13      100%        5
 Lee's Rapid Deconstruct  Erth           0%         3d5*      100%        5
 Lightning Bolt           Conj/Air       0%         1d11      100%        5
 Manifold Assault         Tloc           0%         N/A       100%        5
 Metabolic Englaciation   Hex/Ice        0%         N/A       100%        5
 Silence                  Hex/Air        0%         N/A       100%        5
 Yara's Violent Unravell  Hex/Tmut       0%         3d3       100%        5
 Death Channel            Necr           0%         N/A       100%        6
 Simulacrum               Ice/Necr       0%         N/A       100%        6
 Starburst                Conj/Fire      0%         6d3       100%        6
 Statue Form              Tmut/Erth      0%         N/A       100%        6
 Summon Cactus Giant      Summ           0%         N/A       100%        6
 Storm Form               Tmut/Air       0%         N/A       100%        7
 Ignition                 Fire           0%         3d3       100%        8
 Lehudib's Crystal Spear  Conj/Erth      0%         10d2      100%        8
 Maxwell's Capacitive Co  Air            0%         ∞         100%        8
 Chain Lightning          Conj/Air       0%         N/A       100%        9


Dungeon Overview and Level Annotations

Branches:
Dungeon (15/15) Temple (1/1) D:7 Lair (6/6) D:8 Shoals (4/4) Lair:4 Snake (4/4) Lair:2 Slime (0/5) Lair:6 Orc (2/2) D:12 Elf (0/3) Orc:2 Vaults (0/5) D:12 D:13 Depths (0/4) D:15 Bailey (visited)

Altars:
Ashenzari
Cheibriados
Dithmenos
Elyvilon
Fedhas
Gozag
Hepliaklqana
Kikubaaqudgha
Makhleb
Nemelex Xobeh
Okawaru
Qazlal
Ru
Sif Muna
Trog
Uskayaw
Vehumet
Wu Jian
Xom
Yredelemnul
Zin
The Shining One
Beogh

Shops:
D:1 :   D:4 [   D:6 ::[*?   D:10 [   Orc:2 **(:[[   Snake:3 *


Innate Abilities, Weirdness & Mutations

You are small and have problems with some larger weapons.
You are completely attuned to the shadows.


Message History

A merfolk impaler comes into view. It is wielding a +0 trident.
The merfolk impaler is attracted toward you.
The alligator snapping turtle is attracted toward you.
The merfolk impaler is attracted toward you. x2
The merfolk impaler hits you with a +1 trident of venom!
The merfolk aquamancer hits you with a +2 rapier of speed.
The merfolk avatar chants a haunting song.
You are unaffected.
The merfolk impaler completely misses you.
The merfolk aquamancer hits you with a +2 rapier of speed.
You block the alligator snapping turtle's attack.
The merfolk impaler misses you.
A merfolk javelineer comes into view. It is wielding a +0 spear.
The merfolk impaler completely misses you.
The merfolk aquamancer hits you but does no damage.
The merfolk impaler is attracted toward you. x2
The merfolk javelineer is attracted toward you.
The merfolk avatar is attracted toward you.
The merfolk impaler attacks as you move away!
You block the merfolk impaler's attack. The merfolk impaler misses you.
The merfolk impaler hits you from afar with a +1 trident of venom!!
The merfolk javelineer throws a javelin.
The javelin completely misses you.
The merfolk aquamancer casts a spell at you.
The shard of ice hits you!!!
You emit a cloud of dark smoke.
The merfolk impaler closely misses you. You block the merfolk impaler's attack.
The merfolk impaler completely misses you.
The merfolk javelineer throws a javelin.
The javelin pierces through you!
* * * LOW HITPOINT WARNING * * *
The merfolk impaler completely misses you. x2
The merfolk impaler hits you from afar with a +1 trident of venom!!
* * * LOW HITPOINT WARNING * * *
The merfolk aquamancer completely misses you.
The merfolk javelineer is attracted toward you.
Okay, then.
Okay, then.
The merfolk aquamancer gestures at you while chanting.
The shard of ice hits you!!
You die...

≈≈≈≈≈≈≈≈##≈*,,,,≈##≈PP≈≈≈≈≈≈≈≈≈≈≈
≈≈≈≈≈)≈≈#§#§.≈≈,,≈#PP≈≈≈≈≈≈≈≈≈≈≈≈
≈≈≈≈≈...#≈..≈#≈*,,#≈≈≈≈≈≈≈≈≈≈≈≈≈≈
≈≈,≈....#§.§##≈≈≈≈#≈≈≈≈≈≈≈≈≈≈≈≈≈≈
≈,,.....#§§§≈m≈≈≈≈#≈≈≈≈≈≈≈≈≈≈≈≈≈≈
,,*###<.#≈≈§#§m≈#§#.≈P≈≈≈≈≈≈≈≈≈≈≈
,,* #..##≈§§mm#§#§.P≈≈≈≈≈≈≈≈≈≈≈≈
,,* *#...##≈tmm§#§...P,≈≈≈≈≈≈≈≈≈≈
,,**#..##.######@.....,≈≈≈≈≈≈≈≈≈≈
≈≈,,..#*#.............,,≈≈≈≈≈≈≈≈≈
≈≈≈,.#* #.............,,≈≈≈≈≈≈≈≈≈
≈≈≈,,* #......#######,,≈≈≈≈≈≈≈≈≈
≈≈,,****#.....##≈≈≈≈≈**,≈≈≈≈≈≈≈≈≈
≈≈,,**,,,,,,,**≈,,,,*≈**≈≈≈≈≈≈≈≈≈
≈≈,,**,,,,,,,*≈,,≈≈,,*≈*≈≈≈≈≈≈≈≈≈
≈≈,,,*,,,,,,,*,,*≈*≈,,≈*,≈≈≈≈≈≈≈≈
≈≈≈,,*,,,,,,,*,,≈≈**≈,≈*,≈≈≈≈≈≈≈≈


You could see a merfolk javelineer and a merfolk aquamancer.

Vanquished Creatures
  Polyphemus (Shoals:2)
  Roxanne (D:15)
  7 nagarajas (Snake:4)
  2 orc warlords
  Louise (D:15)
  A stone giant (D:15)
  Nessos (D:15)
  Azrael (D:15)
  The ghost of Giocatum the Spear-Bearer, a journeyman DsBe of Trog (Lair:4)
  The ghost of supermoro the Blocker, a journeyman GrFi of Gozag (D:7)
  Josephine (D:10)
  7 merfolk impalers
  A boulder beetle (D:11)
  Erolcha (D:12)
  10 hydras
  A salamander tyrant (Snake:4)
  Fannar (D:12)
  A catoblepas (Shoals:2)
  4 merfolk avatars
  7 centaur warriors
  16 anacondas
  3 two-headed ogres
  12 death yaks
  10 naga warriors
  3 satyrs
  A tengu warrior (D:14)
  An alligator snapping turtle (Shoals:4)
  8 orc high priests
  Sonja (Lair:2)
  Urug (D:12)
  10 shock serpents
  10 naga sharpshooters
  2 shadow wraiths
  5 skeletal warriors
  9 salamander mystics
  23 sea snakes
  A goliath frog (Lair:6)
  A wizard (D:15)
  5 naga ritualists
  2 deep elf pyromancers
  13 harpies
  A lindwurm (Lair:3)
  4 orc knights
  A wolf spider (Lair:1)
  12 fauns
  6 mana vipers
  An oklob plant (Lair:2)
  7 cyclopes
  6 ugly things
  10 salamanders
  15 manticores
  23 elephants
  11 merfolk sirens
  Joseph (D:8)
  3 guardian serpents (Snake:4)
  18 naga magi
  An ice statue (Lair:4)
  4 water nymphs
  28 black mambas
  2 rust devils (D:7)
  29 cane toads
  Psyche (D:8)
  2 gargoyles
  3 unseen horrors
  A yaktaur (shapeshifter) (D:12)
  2 rime drakes
  15 komodo dragons
  2 tengu conjurers (D:15)
  An efreet (D:10)
  11 trolls
  6 polar bears
  10 slime creatures
  20 merfolk
  28 blink frogs
  2 hornets
  4 tyrant leeches (Lair:6)
  A wind drake (Shoals:4)
  10 dream sheep
  12 snapping turtles
  44 yaks
  2 water elementals
  A shadow (D:11)
  4 wraiths
  4 wyverns
  4 basilisks
  3 fire elementals (D:15)
  2 steam dragons (D:8)
  16 humans
  Grum (D:11)
  8 vampire mosquitoes
  31 nagas
  6 wargs
  An acid dragon (D:11)
  3 hell hounds (D:15)
  25 water moccasins
  45 orc warriors
  A sky beast (D:8)
  2 black bears
  2 ice beasts (D:7)
  6 ogres
  21 centaurs
  8 wolves
  2 kobold brigands
  A gnoll sergeant (D:9)
  18 bullfrogs
  A necrophage (D:4)
  4 scorpions
  A hornet simulacrum (D:15)
  11 killer bees (D:10)
  An electric eel (Lair:1)
  7 hounds
  3 gnoll shamans
  12 orc priests
  4 jellies
  3 iguanas
  26 orc wizards
  9 hell rats (Lair:3)
  16 adders
  18 gnolls
  A shadow imp (D:7)
  A white imp (D:7)
  A worm (D:2)
  4 dart slugs
  112 orcs
  8 endoplasms
  2 giant cockroaches
  8 goblins
  5 hobgoblins
  12 jackals
  15 kobolds
  2 quokkas
  4 ball pythons
  5 bats
  4 frilled lizards
  7 rats
1070 creatures vanquished.

Vanquished Creatures (collateral kills)
  2 trolls (D:9)
  4 orc warriors (Bailey)
6 creatures vanquished.

Vanquished Creatures (others)
  94 fungi
  209 plants
303 creatures vanquished.

Grand Total: 1379 creatures vanquished

Notes
Turn   | Place    | Note
-------+----------+-------------------------------------------
     0 | D:5      | Majang the Kobold Delver began the quest for the Orb.
     0 | D:5      | Reached XP level 1. HP: 14/14 MP: 1/1
    25 | D:5      | Noticed an orc wizard
    27 | D:5      | Noticed a hound
   344 | D:2      | Reached XP level 2. HP: 10/19 MP: 2/2
   803 | D:1      | Reached XP level 3. HP: 24/24 MP: 3/3
  1107 | D:1      | Found Moigieg's Book Boutique.
  1481 | D:1      | Reached XP level 4. HP: 15/29 MP: 4/4
  2026 | D:2      | Reached skill level 4 in Fighting
  2318 | D:2      | Reached skill level 5 in Short Blades
  2608 | D:3      | Noticed a scorpion
  2612 | D:3      | Killed a scorpion
  2613 | D:3      | Reached XP level 5. HP: 34/34 MP: 5/5
  2909 | D:3      | Found a faded altar of an unknown god.
  3426 | D:4      | Noticed a black bear
  3437 | D:4      | Killed a black bear
  3438 | D:4      | Reached skill level 1 in Evocations
  3438 | D:4      | Reached XP level 6. HP: 12/40 MP: 6/6
  3675 | D:4      | Noticed a wyvern
  3678 | D:4      | Killed a wyvern
  3679 | D:4      | Reached skill level 5 in Fighting
  3679 | D:4      | Reached XP level 7. HP: 44/44 MP: 7/7
  3912 | D:4      | Found Metup's Armour Shop.
  4092 | D:4      | Found an ornate altar of the Wu Jian Council.
  4399 | D:5      | Reached XP level 8. HP: 51/51 MP: 8/8
  4519 | D:5      | Reached skill level 6 in Fighting
  5057 | D:5      | Identified the +3 dagger "Tiguce" {protect, rElec rF-
                  | Dex+5}
  5519 | D:6      | Found Loasat's Book Shoppe.
  6028 | D:6      | Found Edghy's Book Shoppe.
  6252 | D:6      | Found Ataafux's Magic Scroll Emporium.
  6630 | D:6      | Found Usoll's Antique Armour Emporium.
  6635 | D:6      | Bought a pair of smouldering boots for 237 gold pieces
  6635 | D:6      | Identified the +4 pair of boots of Wisemium {rF++ rC-
                  | Str+4} (You bought it in a shop on level 6 of the Dungeon)
  6664 | D:6      | Found Luddaner's Assorted Antiques.
  6794 | D:6      | Reached skill level 7 in Fighting
  6899 | D:7      | Reached XP level 9. HP: 57/57 MP: 9/9
  7008 | D:7      | Reached skill level 5 in Dodging
  7334 | D:6      | Noticed a rust devil
  7334 | D:6      | Noticed a rust devil
  7721 | D:7      | Found a white marble altar of Elyvilon.
  7809 | D:7      | Identified the ring "Ofuecaeb" {Wiz Str+3}
  7810 | D:7      | Found a staircase to the Ecumenical Temple.
  7816 | Temple   | Entered the Ecumenical Temple
  7822 | Temple   | Reached skill level 8 in Fighting
  8214 | Temple   | Became a worshipper of Dithmenos the Shadowed
  8862 | D:8      | Reached skill level 10 in Short Blades
  9210 | D:8      | Reached skill level 1 in Invocations
  9210 | D:8      | Reached skill level 5 in Evocations
  9263 | D:8      | Noticed Psyche
  9267 | D:8      | Killed Psyche
  9268 | D:8      | Reached XP level 10. HP: 65/65 MP: 9/11
  9530 | D:8      | Found a staircase to the Lair.
  9763 | D:8      | Reached skill level 9 in Fighting
 10000 | D:8      | Noticed Joseph
 10011 | D:8      | Killed Joseph
 10225 | D:9      | Reached * piety under Dithmenos
 10336 | D:8      | Reached skill level 10 in Stealth
 10618 | D:9      | Noticed a five-headed hydra
 10619 | D:9      | Found the +1 robe of Vines {NoPotionHeal Regen++++}
 10639 | D:9      | Reached XP level 11. HP: 56/72 MP: 13/13
 11051 | D:9      | Reached skill level 10 in Fighting
 11455 | D:10     | Entered Level 10 of the Dungeon
 11504 | D:10     | Found a flagged portal.
 11518 | Bailey   | Entered a bailey
 11565 | Bailey   | Reached ** piety under Dithmenos
 11666 | Bailey   | Found a large runed translucent door.
 11666 | Bailey   | Found the +3 Mad Mage's Maulers {Infuse+∞ RegenMP Int-3}
 11668 | Bailey   | Noticed an orc knight
 11701 | Bailey   | Noticed a deep elf zephyrmancer
 11702 | Bailey   | Found the +4 skin of Zhor {*Englaciate rC+++ SInv}
 11707 | Bailey   | Found a large runed translucent door.
 11737 | Bailey   | Identified the ring of Tagutiwn {rPois rC+ Int+3}
 11865 | D:10     | Noticed Josephine
 11870 | D:10     | Killed Josephine
 11889 | D:10     | Found Typn's Armour Emporium.
 12223 | D:10     | Reached skill level 1 in Long Blades
 12226 | D:10     | Noticed a two-headed ogre
 12807 | D:10     | Killed a two-headed ogre
 12914 | Lair:1   | Entered Level 1 of the Lair of Beasts
 13517 | Lair:1   | Reached skill level 1 in Shields
 13836 | Lair:1   | Reached XP level 12. HP: 77/79 MP: 0/15
 13929 | Lair:1   | Reached skill level 11 in Fighting
 13930 | Lair:1   | Reached *** piety under Dithmenos
 13948 | Lair:1   | Reached skill level 5 in Invocations
 15295 | Lair:2   | Found a staircase to the Snake Pit.
 15302 | Lair:2   | Reached XP level 13. HP: 85/85 MP: 0/17
 15316 | Lair:2   | Reached **** piety under Dithmenos
 15496 | Lair:2   | Noticed Sonja
 15504 | Lair:2   | Killed Sonja
 15509 | Lair:2   | Reached skill level 12 in Fighting
 15873 | Lair:2   | Found the amulet of the Four Winds {rN+ Will+++ Clar}
 16381 | Lair:3   | Reached skill level 5 in Long Blades
 16435 | Lair:3   | Found a large runed translucent door.
 16826 | Lair:3   | Found a large runed translucent door.
 16951 | Lair:3   | Reached ***** piety under Dithmenos
 17746 | Lair:3   | Noticed supermoro's ghost (journeyman GrFi)
 18379 | Lair:3   | Reached XP level 14. HP: 65/69 MP: 1/19
 18816 | Lair:4   | Reached skill level 13 in Fighting
 19153 | Lair:4   | Found a transporter.
 19198 | Lair:4   | Found a transporter.
 19591 | Lair:4   | Found a staircase to the Shoals.
 20207 | Lair:5   | Found a bloodstained altar of Trog.
 21006 | Lair:5   | Reached skill level 10 in Dodging
 21185 | Lair:5   | Identified the +2 leather armour of the Assorted Lies
                  | {rC++}
 21790 | Lair:6   | Entered Level 6 of the Lair of Beasts
 22803 | Lair:6   | Found a staircase to the Slime Pits.
 22826 | Lair:6   | Reached skill level 10 in Evocations
 22894 | Lair:6   | Reached XP level 15. HP: 100/100 MP: 1/20
 23547 | Lair:6   | Reached skill level 5 in Shields
 23785 | Lair:6   | Reached skill level 14 in Fighting
 24121 | Lair:6   | Identified the +6 scale mail of Defence {Slay+2}
 25756 | D:11     | Identified the +3 leather armour of Iruo {Drain Dex+5}
 26027 | D:11     | Found an iron altar of Okawaru.
 26647 | D:11     | Noticed Grum
 26652 | D:11     | Killed Grum
 27582 | D:12     | Reached skill level 15 in Short Blades
 27758 | D:12     | Noticed Fannar
 27772 | D:12     | Killed Fannar
 28154 | D:12     | Found a staircase to the Orcish Mines.
 28668 | Orc:1    | Entered Level 1 of the Orcish Mines
 28855 | Orc:1    | Noticed Erolcha
 28909 | D:12     | Killed Erolcha
 29055 | Orc:1    | Reached ****** piety under Dithmenos
 29377 | Orc:2    | Entered Level 2 of the Orcish Mines
 29470 | Orc:2    | Found Cabruf's Assorted Antiques.
 29549 | Orc:2    | Found Geble's General Store.
 29743 | Orc:2    | Noticed an orc warlord
 29747 | Orc:2    | Found Docseo's Book Shop.
 29783 | Orc:2    | Killed an orc warlord
 29784 | Orc:2    | Reached XP level 16. HP: 105/107 MP: 0/22
 30648 | Orc:2    | Found Onaerumu's Antique Weapon Boutique.
 30805 | Orc:2    | Found Inarobom's Antique Armour Shoppe.
 31085 | Orc:2    | Bought the +7 Spriggan's Knife {stab, EV+4 Stlth+} for 890
                  | gold pieces
 31085 | Orc:2    | Found the +7 Spriggan's Knife {stab, EV+4 Stlth+}
 31085 | Orc:2    | Bought a condenser vane for 560 gold pieces
 31180 | Orc:2    | Found Vulod's Antique Armour Shoppe.
 31184 | Orc:2    | Bought a shiny helmet for 135 gold pieces
 31378 | Orc:2    | Found a staircase to the Elven Halls.
 32240 | Orc:2    | Reached skill level 15 in Fighting
 32840 | Orc:2    | Bought a scroll of blinking for 105 gold pieces
 32840 | Orc:2    | Bought 2 potions of curing for 84 gold pieces
 33258 | Snake:1  | Entered Level 1 of the Snake Pit
 34995 | Snake:1  | Identified the +3 spear of Symmetry {spect, rElec rC++
                  | Will+ Int-5}
 35458 | Snake:2  | Reached skill level 15 in Stealth
 37158 | Snake:2  | Reached XP level 17. HP: 113/113 MP: 0/24
 37739 | D:7      | Killed supermoro's ghost
 37991 | Lair:4   | Noticed Giocatum's ghost (journeyman DsBe)
 38035 | Lair:4   | Killed Giocatum's ghost
 39217 | Snake:3  | Found Nuidueph's CLEARANCE SALE!.
 39221 | Snake:3  | Bought a scroll of blinking for 22 gold pieces
 39221 | Snake:3  | Bought a wand of flame (9) for 16 gold pieces
 39671 | Snake:4  | Entered Level 4 of the Snake Pit
 39717 | Snake:4  | Found a flickering gateway to a bazaar.
 39722 | Bazaar   | Entered a bazaar
 39731 | Bazaar   | Found Lalowaif's Antique Weapon Emporium.
 39742 | Bazaar   | Found Xeinwem's Antique Weapon Shoppe.
 39760 | Bazaar   | Found Teg Bier's Antique Armour Emporium.
 39771 | Bazaar   | Found Roaget's Antique Armour Shoppe.
 39851 | Bazaar   | Bought a crude rapier for 324 gold pieces
 39851 | Bazaar   | Identified the +5 rapier of Fortitude {drain, rElec rF++
                  | Str-2 Int+4} (You bought it in a shop in a bazaar)
 40007 | Snake:4  | Reached skill level 16 in Fighting
 40240 | Snake:4  | Reached skill level 10 in Invocations
 40405 | Snake:4  | Reached skill level 10 in Long Blades
 41290 | Snake:4  | Reached XP level 18. HP: 122/122 MP: 1/25
 41995 | Snake:4  | Got a serpentine rune of Zot
 42278 | Lair:1   | Upgraded the game from 0.29-a0-397-g846e4a0bbc to
                  | 0.29-a0-409-gd843f3a48c
 42400 | D:13     | Noticed Urug
 42400 | D:13     | Found a gate to the Vaults.
 42626 | D:12     | Killed Urug
 42936 | D:13     | Identified the +1 chain mail of Grace {+Inv rF+ Int+3}
 43366 | D:13     | Got the Almanac of Feathery Attacks
 44711 | D:14     | Reached skill level 17 in Fighting
 45115 | D:15     | Entered Level 15 of the Dungeon
 45289 | D:15     | Found a staircase to the Depths.
 45293 | D:15     | Noticed Nessos
 45313 | D:15     | Killed Nessos
 45673 | D:15     | Noticed Louise
 45676 | D:15     | Killed Louise
 45934 | D:15     | Identified Roxanne's Catalogue of Shape Shifting
 45934 | D:15     | Noticed Roxanne
 45938 | D:15     | Killed Roxanne
 46233 | D:15     | Found an opulent altar of Gozag.
 46392 | D:15     | Noticed Azrael
 46396 | D:15     | Killed Azrael
 46805 | Shoals:1 | Entered Level 1 of the Shoals
 46941 | Shoals:1 | Found a flickering gateway to a bazaar.
 46946 | Bazaar   | Entered a bazaar
 46968 | Bazaar   | Found Ihaocuk's Antique Armour Emporium.
 46976 | Bazaar   | Found Narixeov's Antique Armour Boutique.
 46980 | Bazaar   | Bought an ancient hat for 171 gold pieces
 46980 | Bazaar   | Identified the +2 hat of Adostein {rC- rN+ Dex+4} (You
                  | bought it in a shop in a bazaar)
 46985 | Bazaar   | Found Kudeklyt's General Store.
 46989 | Bazaar   | Bought a potion of heal wounds for 60 gold pieces
 46991 | Bazaar   | Found Alappyuk's General Store.
 46995 | Bazaar   | Bought a scroll of magic mapping for 42 gold pieces
 46995 | Bazaar   | Bought a scroll of fear for 42 gold pieces
 46995 | Bazaar   | Bought a potion of attraction for 36 gold pieces
 46995 | Bazaar   | Bought a potion of curing for 36 gold pieces
 46995 | Bazaar   | Bought a wand of iceblast (5) for 108 gold pieces
 47300 | Lair:4   | Reached XP level 19. HP: 128/128 MP: 1/26
 48965 | Shoals:2 | Noticed Polyphemus
 48979 | Shoals:2 | Killed Polyphemus
 51771 | Shoals:2 | Identified the +5 rapier of the Crawling Thing {speed, rF++
                  | rCorr MP-9 Stlth+}
 52004 | Shoals:4 | Entered Level 4 of the Shoals
 52328 | Shoals:4 | Reached skill level 18 in Fighting
 53166 | Shoals:4 | Identified the +4 shortbow of Greed {vorpal, rC- rN+ rCorr
                  | Str+3}
 53617 | Shoals:4 | Killed from afar by a merfolk aquamancer

Illustrated notes

Levels and vault maps discovered:
D:1:      dpeg_arrival_boxes_within_box, layout_basic, serial_shops,
          nicolae_square_shop
D:2:      layout_basic
D:3:      wander_river, layout_basic, hellmonk_ecumenical_altar_blasted,
          minmay_crystal_room, minmay_bisected
D:4:      layout_loops_ring, nzn_wu_jian_contemplation, serial_shops, shop
D:5:      layout_loops_ring, fountainhead, kennysheep_generic_room_5
D:6:      cheibrodos_iron_armory, layout_basic, serial_shops, shop,
          nicolae_square_shop, kennysheep_mini, nicolae_stop_n_shop_1,
          nicolae_shop_behind_doors, kennysheep_generic_room_9
D:7:      layout_loops_ring, mainiacjoe_overflow_concentric_impassable,
          minmay_temple_entry_wispy
D:8:      layout_loops_ring, dpeg_oklobed_lair, serial_co_window_serial,
          co_window_corner_a, co_window_corner_a, co_window_corner_a,
          co_window_corner_a, co_window_corner_a, co_window_broadway_b,
          co_window_2corner, co_window_corner_cb, co_window_paths_d,
          glass_columns_b, uniq_psyche, uniq_joseph
D:9:      layout_basic, hellmonk_guarded_unrand_vines
D:10:     layout_gridville, serial_shops, kennysheep_mini_moat, enter_bailey_4,
          uniq_josephine
D:11:     layout_roguey, okawaru_ov_weapons_minmay, uniq_grum
D:12:     layout_irregular_city, minmay_orc_entry_temple_small, uniq_fannar
D:13:     layout_gridville, david_vaults_3
D:14:     layout_cave_pools, glass_columns_b
D:15:     grunt_enter_depths_giant_problem, layout_basic,
          nicolae_gozag_cash_rules_everything_around_me, uniq_azrael,
          uniq_roxanne, uniq_louise, uniq_nessos
Temple:   mainiacjoe_temple_cubbyholes
Lair:1:   minmay_lair_venomous_thicket, layout_loops_ring, serial_bayou_ford_a,
          serial_bayou_shore_b
Lair:2:   layout_concentric_octagons, minmay_snake_entry_six_corridors,
          nzn_random_ring, infiniplex_staircase_pool, uniq_sonja
Lair:3:   layout_chaotic_city, ebering_ghost_disaster_area, serial_bayou_shore_b
Lair:4:   layout_hall_layers, minmay_shoals_entry_centaurs, nzn_ghost_randoct
Lair:5:   layout_layer_cave, basic_altar
Lair:6:   minmay_lair_end_frog_pond, layout_regular_city,
          minmay_slime_entry_pillars
Shoals:1: cheibrodos_shoals_satyrical_garden, layout_shoals, serial_shops,
          bzr_entry_water
Shoals:2: layout_shoals, nicolae_shoals_hidden_pirate_stash, uniq_polyphemus
Shoals:3: layout_shoals
Shoals:4: shoals_end_hangedman, layout_shoals
Snake:1:  layout_layer_cave, grunt_ministairs_6
Snake:2:  layout_chambers
Snake:3:  layout_onion, nicolae_shop_clearance
Snake:4:  grunt_snake_rune_pools, layout_rooms, serial_shops, bzr_entry_road,
          nicolae_snake_magic_snake_eye
Orc:1:    layout_caves, mines2_david, uniq_urug, uniq_erolcha
Orc:2:    grunt_orc_gardens, layout_diamond_mine, grunt_orc_garden,
          grunt_orc_garden, grunt_orc_garden, grunt_orc_garden, serial_shops,
          nicolae_shop_crystal, nicolae_shop_overgrown_old_shop, basic_altar

Skill      XL: |  1  2  3  4  5  6  7  8  9 10 11 12 13 14 15 16 17 18 19 |
---------------+----------------------------------------------------------+-----
Short Blades   | 3 4 5 6 7 8 10 11 12 13 14 15 16 | 16.6
Fighting       | 4 5 7 8 9 10 11 12 13 14 15 16 17 18 | 18.2
Evocations     | 1 2 3 5 6 7 8 9 10 11 12 13 | 13.7
Dodging        | 3 4 5 6 7 8 9 10 11 12 13 14 | 14.0
Stealth        | 7 8 9 10 11 12 13 14 15 16 17 | 17.5
Invocations    | 1 3 4 5 6 7 8 9 10 | 10.0
Long Blades    | 2 4 5 7 8 9 10 11 12 | 12.1
Shields        | 1 2 3 4 5 6 7 8 |  8.5

Action                   |  1- 3 |  4- 6 |  7- 9 | 10-12 | 13-15 | 16-18 | 19-21 || total
-------------------------+-------+-------+-------+-------+-------+-------+-------++-------
Melee: Dagger            |    58 |       |    22 |       |       |       |       ||    80
       Short sword       |    55 |    93 |   290 |   456 |   673 |       |       ||  1567
       Punch             |       |     1 |     5 |     5 |       |       |       ||    11
       Scimitar          |       |       |       |       |   255 |   590 |   176 ||  1021
       Knife             |       |       |       |       |       |   340 |   101 ||   441
Invok: Shadow Step       |       |       |       |       |     2 |       |       ||     2
Evoke: Wand              |       |       |       |     9 |     2 |     3 |     4 ||    18
       Condenser vane    |       |       |       |       |       |     1 |     1 ||     2
       Lightning rod     |       |       |       |       |       |     1 |       ||     1
       Piece from Xom's  |       |       |       |       |       |     1 |       ||     1
  Use: Scroll            |     1 |       |    19 |     8 |     6 |     5 |     1 ||    40
       Potion            |     1 |       |     3 |     3 |       |     1 |     2 ||    10
 Stab: Sleeping          |    13 |    14 |    22 |    33 |    83 |   194 |    69 ||   428
       Distracted        |       |       |     2 |     5 |    14 |    14 |       ||    35
       Paralysed         |       |       |       |       |     1 |       |       ||     1
Armor: Leather armour    |    27 |       |       |       |       |       |       ||    27
       Robe              |       |    11 |    47 |    39 |    87 |    68 |    18 ||   270
Dodge: Dodged            |    59 |    49 |   184 |   305 |   745 |   794 |   188 ||  2324
Block: Buckler           |       |       |       |    40 |   295 |   405 |    96 ||   836

Table legend: (Time is in decaauts)
 A = Elapsed time spent in this place.
 B = Non-inter-level travel time spent in this place.
 C = Inter-level travel time spent in this place.
 D = Time resting spent in this place.
 E = Time spent auto-exploring this place.
 F = Levels seen in this place.
 G = Mean time per level.
                   A        B        C        D        E       F      G
               +--------+--------+--------+--------+--------+-----+--------+
         Total |  53599 |  49434 |   4165 |  13502 |  19902 |  35 | 1531.4 |
       Dungeon |  20665 |  18407 |   2258 |   4880 |   6499 |  15 | 1377.7 |
        Temple |    485 |    427 |     58 |     89 |      0 |   1 |  485.0 |
          Lair |  12818 |  11840 |    978 |   2802 |   5579 |   6 | 2136.3 |
        Shoals |   7119 |   6842 |    277 |   1697 |   3593 |   4 | 1779.8 |
     Snake Pit |   8074 |   7802 |    272 |   2680 |   3341 |   4 | 2018.5 |
  Orcish Mines |   3938 |   3618 |    320 |   1336 |    889 |   2 | 1969.0 |
        Bazaar |    233 |    233 |      0 |      0 |      0 |   2 |  116.5 |
        Bailey |    263 |    263 |      0 |     17 |      0 |   1 |  263.0 |
               +--------+--------+--------+--------+--------+-----+--------+

Top non-repeatable levels by time:
   Orc:2: 3011 daAuts
  Lair:6: 2705 daAuts
 Snake:2: 2611 daAuts
    D:12: 2432 daAuts
  Lair:4: 2427 daAuts
  Lair:5: 2376 daAuts
 Snake:4: 2291 daAuts
  Lair:3: 2188 daAuts
Shoals:3: 2079 daAuts
 Snake:1: 1923 daAuts
     D:7: 1915 daAuts
Shoals:2: 1888 daAuts
     D:8: 1763 daAuts
Shoals:1: 1613 daAuts
  Lair:1: 1593 daAuts
